 Dungeon Crawl Stone Soup version 0.31.0-2-g5a2aebc5c2 (webtiles) character file.

Game seed: 85029570609859450

266 booth the Cudgeller (level 6, -3/39 HPs)
             Began as a Gargoyle Monk on Jan 20, 2024.
             Shot with an arrow by an orc warrior (11 damage)
             ... on level 4 of the Dungeon.
             The game lasted 00:16:25 (2101 turns).

booth the Cudgeller (Gargoyle Monk)                 Turns: 2101, Time: 00:16:25

Health: -3/39      AC:  9    Str: 17    XL:     6   Next: 20%
Magic:  6/6        EV: 11    Int: 10    God:
Gold:   240        SH:  0    Dex: 12    Spells: 5/5 levels left

rFire   . . .        a - +0 mace
rCold   . . .        (no shield)
rNeg    + . .        h - +0 ring mail
rPois   ∞            (no helmet)
rElec   +            (no cloak)
rCorr   .            (no gloves)
SInv    .            (no boots)
Will    .....        (no amulet)
Stlth   +            (no ring)
HPRegen 0.26/turn    (no ring)
MPRegen 0.10/turn

%: no passive effects
@: invisible
A: sickness immunity, AC +4, negative energy resistance 1, electricity
resistance, torment resistance 1, petrification resistance
a: no special abilities


You were on level 4 of the Dungeon.
You visited 1 branch of the dungeon, and saw 4 of its levels.

You collected 240 gold pieces.

Inventory:

Hand Weapons
 a - a +0 mace (weapon)
 j - a +0 flail
Armour
 d - an orb of light
 h - a +0 ring mail (worn)
 n - a +0 scale mail
Scrolls
 b - 3 scrolls of revelation
 g - a scroll of vulnerability
 l - a scroll of poison
Potions
 c - a potion of ambrosia
 f - a potion of brilliance
 i - a potion of attraction
 o - a potion of invisibility


   Skills:
 + Level 4.7 Fighting
 * Level 5.2 Maces & Flails
 + Level 2.4 Armour
 - Level 2.5 Dodging


You had 5 spell levels left.
You didn't know any spells.
Your spell library was empty.

Dungeon Overview and Level Annotations

Branches:
Dungeon (4/15)
 Temple: D:4-7

Altars:
Kikubaaqudgha
Nemelex Xobeh

Shops:
D:2 (   D:4 (


Innate Abilities, Weirdness & Mutations

You are immune to sickness and miasma.
Your stone body is resilient. (AC +4)
You are immune to poison.
You resist negative energy. (rN+)
You are resistant to electric shocks. (rElec)
You are resistant to unholy torment.
You are immune to petrification.


Message History

You hit the orc.
The orc is almost dead.
The orc hits you but does no damage.
Blink to where?
Press: ? - help, Dir - move target An orc warrior, an orc priest and 4 orcs come into view.
Found a leather armour and 5 stones.
As you read the scroll labelled YNNECI EVIOLAB, it crumbles to dust.
It was a scroll of blinking.
The orc warrior shouts!
The orc shouts!
The orc priest shouts!
The orc shouts! x2
You hear a shout!
The orc warrior unwields a +0 glaive.
The orc warrior wields a +0 orcbow.
The orc warrior shoots an arrow.
The arrow hits you!
The orc moves out of view.
The air fills with toxic fumes!
As you read the scroll of poison, it crumbles to dust.
Unknown command.
Press: ? - help, v - describe, . - travel
Here: an orc, wielding a +0 mace and wearing a +0 ring mail The floor.
As you read the scroll of immolation, it crumbles to dust.
The creatures around you are filled with an inner flame!
You feel much better.
Throw: dart (poison)
Press: ? - help, Q - select action Shift-Dir - straight line, f - orc priest
Aim: an orc priest, wielding a +0 flail and wearing a +0 scale mail (inner flame, 60% to hit)
You throw a poisoned dart.
The poisoned dart closely misses the orc.
The poisoned dart hits the orc priest.
The orc priest is poisoned.
The orc priest invokes the aid of Beogh against you.
Beogh smites you!
The orc priest mumbles some strange prayers to Beogh against you.
Beogh smites you!
* * * LOW HITPOINT WARNING * * *
Okay, then.
You fade into invisibility!
Flame seeps out of the orc priest.
The orc priest is engulfed in blazing flames.
Flame seeps out of the orc priest.
The orc warrior shoots an arrow.
The arrow barely misses the orc.
The arrow hits you!
You die...

#########.....................
#........#####............#
#.######## #........ #....###
#........ ####...# .........
###.## .##.....# #..##
.###.#### ##..## #.#§###
##..###.#@§## ##§oo§§§§§☼§§§§#
#§###§#oo##☼8## o... #§#oo○ §#
.......§ ##o§☼ ........§# ##§§
#...#..§☼. ☼## #.⌠.#.§§.#. §#
#.. ###.##.#


You could see an orc warrior (inner flame, unable to see you), 2 orc priests and
4 orcs.

Vanquished Creatures
  An ice beast (D:4)
  2 hounds (D:4)
  4 adders
  A dart slug (D:2)
  4 orcs (D:4)
  4 bats (D:1)
  6 endoplasms
  A giant cockroach (D:3)
  6 goblins
  3 hobgoblins
  10 jackals
  5 quokkas
  6 ball pythons
  3 frilled lizards
  2 kobolds
  11 rats
69 creatures vanquished.

Notes
Turn   | Place    | Note
-------+----------+-------------------------------------------
     0 | D:1      | booth the Gargoyle Monk began the quest for the Orb.
     0 | D:1      | Reached XP level 1. HP: 14/14 MP: 1/1
   127 | D:1      | Reached XP level 2. HP: 19/19 MP: 2/2
   256 | D:1      | You fall into a shaft and drop 1 floor!
   615 | D:2      | Found Lodasof's Weapon Shoppe.
   620 | D:2      | Reached XP level 3. HP: 23/24 MP: 3/3
   977 | D:2      | Reached skill level 4 in Maces & Flails
  1201 | D:3      | Reached XP level 4. HP: 27/29 MP: 4/4
  1420 | D:3      | Reached skill level 1 in Armour
  1496 | D:3      | Found an ancient bone altar of Kikubaaqudgha.
  1501 | D:3      | Found a sparkling altar of Nemelex Xobeh.
  1713 | D:4      | Reached XP level 5. HP: 16/34 MP: 5/5
  1921 | D:4      | Found Nonolol's Weapon Boutique.
  2055 | D:4      | Noticed an ice beast
  2067 | D:4      | Killed an ice beast
  2068 | D:4      | Reached skill level 5 in Maces & Flails
  2068 | D:4      | Reached XP level 6. HP: 39/39 MP: 6/6
  2094 | D:4      | Noticed an orc warrior
  2101 | D:4      | Shot with an arrow by an orc warrior

Illustrated notes

Levels and vault maps discovered:
D:1:      minmay_arrival_shattered_statue, layout_rooms, chequers_mini_garden
D:2:      layout_basic, serial_shops, shop
D:3:      layout_basic, mainiacjoe_overflow_big_doors
D:4:      layout_rooms, minmay_temple_entry_junction_2, serial_shops, shop,
          guppyfry_early_orc_mine, uniq_blork_the_orc, uniq_crazy_yiuf_cottage

Skill      XL: |  1  2  3  4  5 |
---------------+----------------+-----
Fighting       | 4 |  4.7
Maces & Flails | 4 5 |  5.2
Armour         | 1 2 |  2.4
Dodging        | |  2.5

Action                     |  1- 3 |  4- 6 || total
---------------------------+-------+-------++-------
  Melee: Mace              |   119 |    87 ||   206
  Throw: Dart              |       |     8 ||     8
    Use: Scroll            |     6 |     5 ||    11
         Potion            |       |     5 ||     5
 Armour: Robe              |    16 |       ||    16
         Leather armour    |    66 |       ||    66
         Ring mail         |       |    70 ||    70
  Dodge: Dodged            |   105 |    44 ||   149
